 Dungeon Crawl Stone Soup version 0.31-a0-574-g69dc8cc98e (webtiles) character file.

Game seed: 14247896411596536871

72 subawu the Slasher (level 4, -3/41 HPs)
             Began as a Gnoll Chaos Knight on Aug 18, 2023.
             Was a Plaything of Xom.
             Slain by a gnoll
             ... wielding a +0 flail of chaos
              (7 damage)
             ... on level 2 of the Dungeon.
             The game lasted 00:08:19 (1698 turns).

subawu the Slasher (Gnoll Chaos Knight)             Turns: 1698, Time: 00:08:21

Health: -3/41      AC:  5    Str: 11    XL:     4   Next: 25%
Magic:  5/5        EV: 12    Int: 14    God:    Xom [......]
Gold:   118        SH:  0    Dex: 11    Spells: 5/5 levels left

rFire   . . .        a - +0 falchion (chaos)
rCold   . . .        (no shield)
rNeg    . . .        b - +2 leather armour
rPois   .            (no helmet)
rElec   .            (no cloak)
rCorr   .            (no gloves)
SInv    .            (no boots)
Will    .....        (no amulet)
Stlth   +            (no ring)
HPRegen 0.26/turn    (no ring)
MPRegen 0.09/turn

%: no passive effects
@: no status effects
A: fangs 1, strong nose, distributed training
a: Renounce Religion


You were on level 2 of the Dungeon.
You worshipped Xom.
You were a very special plaything of Xom.
You visited 1 branch of the dungeon, and saw 2 of its levels.

You collected 118 gold pieces.

Inventory:

Hand Weapons
 a - a +0 falchion of chaos (weapon)
Missiles
 h - 22 stones
Armour
 b - a +2 leather armour (worn)
 d - a +0 leather armour
Scrolls
 c - a scroll of butterflies
 f - 2 scrolls of teleportation {unknown}
 g - a scroll of enchant weapon {unknown}
 j - a scroll of revelation {unknown}
Potions
 e - 2 potions of resistance {unknown}
 i - a potion of curing {unknown}
 k - 2 potions of attraction {unknown}


   Skills:
 + Level 6.6 Fighting
 + Level 1.1 Short Blades
 + Level 6.6 Long Blades
 + Level 1.1 Axes
 + Level 1.1 Maces & Flails
 + Level 1.1 Polearms
 + Level 1.1 Staves
 + Level 1.1 Ranged Weapons
 + Level 1.1 Throwing
 + Level 4.6 Armour
 + Level 2.7 Dodging
 + Level 1.1 Stealth
 + Level 1.1 Shields
 + Level 1.1 Unarmed Combat
 + Level 1.1 Spellcasting
 + Level 0.8 Conjurations
 + Level 0.8 Hexes
 + Level 0.8 Summonings
 + Level 0.8 Necromancy
 + Level 0.8 Translocations
 + Level 0.8 Transmutations
 + Level 0.8 Fire Magic
 + Level 0.8 Ice Magic
 + Level 0.8 Air Magic
 + Level 0.8 Earth Magic
 + Level 0.8 Poison Magic
 + Level 1.2 Invocations
 + Level 1.1 Evocations
 + Level 0.8 Shapeshifting


You had 5 spell levels left.
You didn't know any spells.
Your spell library contained the following spells:

 Spells                   Type           Power      Damage    Failure   Level
 Sandblast                Erth           6%         2d5       24%         1
 Passwall                 Tmut/Erth      2%         N/A       34%         2
 Stone Arrow              Conj/Erth      6%         3d7       56%         3
 Vhi's Electric Charge    Tloc/Air       6%         N/A       56%         3
 Arcjolt                  Conj/Air       1%         1d11      100%        5
 Plasma Beam              Fire/Air       1%         2x1d11    100%        6


Dungeon Overview and Level Annotations

Branches:
Dungeon (2/15)

Altars:

Shops:
D:1 !(


Innate Abilities, Weirdness & Mutations

You have very sharp teeth.
Your uncanny sense of smell can sniff out nearby items.
Your experience applies equally to all skills.


Message History

The gnoll throws a stone.
The stone hits you but does no damage.
The gnoll throws a stone.
The stone closely misses you.
The gnoll puts on a burst of speed as it pursues you!
There is an open door here.
The gnoll throws a stone.
The stone hits you but does no damage.
There is an open door here.
You hit the gnoll.
The gnoll is lightly wounded.
Xom's power touches on a nearby weapon.
The gnoll's +0 flail erupts in a glittering mayhem of colour.
The gnoll hits you but does no damage. x2; You are electrocuted!!
You hit the gnoll but do no damage.
The gnoll is lightly wounded.
The gnoll hits you with a staff of fire.
The gnoll barely misses you.
You hit the gnoll but do no damage.
The gnoll is lightly wounded.
The gnoll closely misses you.
The gnoll hits you with a +0 flail of chaos.
The gnoll burns you.
You barely miss the gnoll.
The gnoll is lightly wounded.
The gnoll hits you but does no damage. The gnoll misses you.
The gnoll hits you with a +0 whip.
* * * LOW HITPOINT WARNING * * *
You hit the gnoll but do no damage. You bite the gnoll, but do no damage.
The gnoll is lightly wounded.
The gnoll is no longer moving quickly.
The gnoll hits you with a staff of fire.
* * * LOW HITPOINT WARNING * * *
The gnoll hits you with a +0 flail of chaos.
* * * LOW HITPOINT WARNING * * *
The gnoll hits you but does no damage.
You barely miss the gnoll.
The gnoll is lightly wounded.
The gnoll hits you with a staff of fire.
* * * LOW HITPOINT WARNING * * *
The gnoll hits you with a +0 flail of chaos!
You die...
Xom cackles wildly!

.......g.#
####.###.#
# #.# ###.
#.#
....###.###
#.......#
#.......#
#...ggg.#
#####@###
#.# #.# #.#
#.# #.# #.#
##.# ##..#


You could see 3 gnolls.

Vanquished Creatures
  2 adders (D:2)
  2 worms (D:2)
  A dart slug (D:1)
  5 bats
  3 endoplasms
  3 giant cockroaches
  4 goblins
  5 hobgoblins (D:1)
  2 kobolds
  5 quokkas
  6 ball pythons (D:1)
  4 rats (D:1)
42 creatures vanquished.

Notes
Turn   | Place    | Note
-------+----------+-------------------------------------------
     0 | D:1      | subawu the Gnoll Chaos Knight began the quest for the Orb.
     0 | D:1      | Reached XP level 1. HP: 23/23 MP: 1/1
   346 | D:1      | XOM: silly message
   379 | D:1      | Reached XP level 2. HP: 27/29 MP: 2/2
   425 | D:1      | XOM: smoke on damage
   763 | D:1      | Found Pahaibof's Distillery.
   853 | D:1      | Reached XP level 3. HP: 34/35 MP: 3/3
  1030 | D:1      | Reached skill level 1 in Invocations
  1153 | D:1      | Found Eteston's Antique Weapon Boutique.
  1347 | D:2      | Reached skill level 1 in Short Blades
  1347 | D:2      | Reached skill level 1 in Axes
  1347 | D:2      | Reached skill level 1 in Maces & Flails
  1347 | D:2      | Reached skill level 1 in Polearms
  1347 | D:2      | Reached skill level 1 in Staves
  1347 | D:2      | Reached skill level 1 in Ranged Weapons
  1347 | D:2      | Reached skill level 1 in Throwing
  1347 | D:2      | Reached skill level 1 in Stealth
  1347 | D:2      | Reached skill level 1 in Shields
  1347 | D:2      | Reached skill level 1 in Unarmed Combat
  1347 | D:2      | Reached skill level 1 in Spellcasting
  1347 | D:2      | Reached skill level 1 in Evocations
  1350 | D:2      | Reached XP level 4. HP: 23/41 MP: 5/5
  1485 | D:2      | XOM: silly message
  1693 | D:2      | XOM: chaos upgrade
  1698 | D:2      | Slain by a gnoll

Illustrated notes

Levels and vault maps discovered:
D:1:      amcnicky_arrival_abandoned_market, layout_loops_corners, serial_shops,
          nicolae_shop_behind_doors,
          nicolae_shop_temple_entry_statues_fountains, minmay_misc_feat_x,
          minmay_pentomino_z4
D:2:      layout_basic, hellmonk_ecumenical_altar_watching_god,
          skrybe_limestone_x

Skill      XL: |  1  2  3 |
---------------+----------+-----
Invocations    | 1 |  1.2
Short Blades   | 1 |  1.1
Axes           | 1 |  1.1
Maces & Flails | 1 |  1.1
Polearms       | 1 |  1.1
Staves         | 1 |  1.1
Ranged Weapons | 1 |  1.1
Throwing       | 1 |  1.1
Stealth        | 1 |  1.1
Shields        | 1 |  1.1
Unarmed Combat | 1 |  1.1
Spellcasting   | 1 |  1.1
Evocations     | 1 |  1.1
Fighting       | |  6.6
Long Blades    | |  6.6
Armour         | |  4.6
Dodging        | |  2.7
Conjurations   | |  0.8
Hexes          | |  0.8
Summonings     | |  0.8
Necromancy     | |  0.8
Translocations | |  0.8
Transmutations | |  0.8
Fire Magic     | |  0.8
Ice Magic      | |  0.8
Air Magic      | |  0.8
Earth Magic    | |  0.8
Poison Magic   | |  0.8
Shapeshifting  | |  0.8

Action                     |  1- 3 |  4- 6 || total
---------------------------+-------+-------++-------
  Melee: Falchion          |   102 |    29 ||   131
         Bite              |     6 |     3 ||     9
         Punch             |       |     1 ||     1
 Armour: Leather armour    |    45 |    18 ||    63
  Dodge: Dodged            |    97 |    20 ||   117

Table legend: (Time is in decaauts)
 A = Elapsed time spent in this place.
 B = Non-inter-level travel time spent in this place.
 C = Inter-level travel time spent in this place.
 D = Time resting spent in this place.
 E = Time spent auto-exploring this place.
 F = Levels seen in this place.
 G = Mean time per level.
                   A        B        C        D        E       F      G
               +--------+--------+--------+--------+--------+-----+--------+
         Total |   1694 |   1459 |    235 |    110 |      0 |   2 |  847.0 |
       Dungeon |   1694 |   1459 |    235 |    110 |      0 |   2 |  847.0 |
               +--------+--------+--------+--------+--------+-----+--------+

Top non-repeatable levels by time:
     D:1: 1326 daAuts
     D:2: 367 daAuts
